TOP OF THE 1ST |
Cincinnati (NYP) Reds batting - Pitching for Williamsport Crosscutters : RHP John Stepanian
|
Pitching: RHP John Stepanian
|
|
Batting: RHB Marcus Carter
|
0-0: Ball 1-0: Called Strike 1-1: Foul Ball, location: 2F 1-2: Strikes out swinging, 2-3 out at first.
|
Batting: RHB Dave Ruiz
|
0-0: Called Strike 0-1: Ground out 6-3 (Groundball, 6, EV 101.9 MPH)
|
Batting: SHB Bryan Johnston
|
0-0: Foul Ball, location: 2F 0-1: Ball 1-1: Fly out, F9 (Flyball, 89D, EV 105.0 MPH)
|
Top of the 1st over - 0 runs, 0 hits, 0 errors, 0 left on base; Cincinnati (NYP) 0 - Williamsport 0 |
BOTTOM OF THE 1ST |
Williamsport Crosscutters batting - Pitching for Cincinnati (NYP) Reds : RHP Matt Moffat
|
Pitching: RHP Matt Moffat
|
|
Batting: LHB Manoel Camp
|
0-0: Bunt missed! 0-1: Ground out 4-3 (Groundball, 4, EV 110.0 MPH)
|
Batting: RHB Matt McDevitt
|
0-0: Called Strike 0-1: Called Strike 0-2: Foul Ball, location: 2F 0-2: Ball 1-2: Strikes out swinging wild pitch, reaches first!
|
Batting: RHB Alan Weller
|
0-0: Foul Ball, location: 2F 0-1: Foul Ball, location: 2F 0-2: Ball 1-2: Ball 2-2: SINGLE (Line Drive, 34D, EV 97.5 MPH) Matt McDevitt to second Runner from 2nd tries for 3rd, SAFE, throw by RF made to third
|
Batting: RHB Allen Gravel
|
0-0: Fly out, F7 (Flyball, 7LM, EV 80.6 MPH)
|
Batting: RHB Jimmy Misener
|
0-0: Ball 1-0: Called Strike 1-1: Swinging Strike 1-2: Strikes out looking
|
Bottom of the 1st over - 0 runs, 1 hit, 0 errors, 2 left on base; Cincinnati (NYP) 0 - Williamsport 0 |
TOP OF THE 2ND |
Cincinnati (NYP) Reds batting - Pitching for Williamsport Crosscutters : RHP John Stepanian
|
Batting: RHB Steve Anderson
|
0-0: Called Strike 0-1: Called Strike 0-2: Strikes out swinging
|
Batting: RHB Kagetoki Kawai
|
0-0: Ball 1-0: Ball 2-0: Called Strike 2-1: Foul Ball, location: 2F 2-2: SOLO HOME RUN (Flyball, 7D, EV 93.8 MPH), Distance : 361 ft
|
Batting: RHB Jamie Ingram
|
0-0: Called Strike 0-1: Ball 1-1: Foul Ball, location: 2F 1-2: Ball 2-2: Ball 3-2: Foul Ball, location: 2F 3-2: Strikes out swinging
|
Batting: SHB Jeffrey Louter
|
0-0: Called Strike 0-1: Ball 1-1: Called Strike 1-2: SOLO HOME RUN (Flyball, 9D, EV 96.9 MPH), Distance : 386 ft
|
Batting: RHB Chae-seong Lee
|
0-0: Called Strike 0-1: Ball 1-1: Swinging Strike 1-2: Ball 2-2: Foul Ball, location: 2F 2-2: Foul Ball, location: 2F 2-2: Fly out, F3 (Line Drive, 3, EV 66.9 MPH)
|
Top of the 2nd over - 2 runs, 2 hits, 0 errors, 0 left on base; Cincinnati (NYP) 2 - Williamsport 0 |
BOTTOM OF THE 2ND |
Williamsport Crosscutters batting - Pitching for Cincinnati (NYP) Reds : RHP Matt Moffat
|
Batting: SHB Matt Sybrant
|
0-0: Ball 1-0: Called Strike 1-1: Called Strike 1-2: Strikes out swinging
|
Batting: RHB Ken Gadberry
|
0-0: Called Strike 0-1: Foul Ball, location: 2F 0-2: Ball 1-2: Strikes out swinging
|
Batting: RHB Frank Shelton
|
0-0: Fly out, F8 (Flyball, 8RD, EV 96.2 MPH)
|
Bottom of the 2nd over - 0 runs, 0 hits, 0 errors, 0 left on base; Cincinnati (NYP) 2 - Williamsport 0 |
TOP OF THE 3RD |
Cincinnati (NYP) Reds batting - Pitching for Williamsport Crosscutters : RHP John Stepanian
|
Batting: RHB Alfredo Razo
|
0-0: Ground out 6-3 (Groundball, 6, EV 89.4 MPH)
|
Batting: RHB Marcus Carter
|
0-0: SOLO HOME RUN (Flyball, 89XD, EV 105.0 MPH), Distance : 413 ft
|
Batting: RHB Dave Ruiz
|
0-0: Called Strike 0-1: Ball 1-1: Ground out 6-3 (Groundball, 6, EV 94.4 MPH)
|
Batting: SHB Bryan Johnston
|
0-0: Ball 1-0: Ball 2-0: Called Strike 2-1: Foul Ball, location: 2F 2-2: Ball 3-2: Foul Ball, location: 2F 3-2: Foul Ball, location: 2F 3-2: Foul Ball, location: 2F 3-2: Foul Ball, location: 2F 3-2: Foul Ball, location: 2F 3-2: SINGLE (Groundball, 6D, EV 105.6 MPH)
|
Batting: RHB Steve Anderson
|
0-0: Called Strike Bryan Johnston steals 2nd base 0-1: Swinging Strike 0-2: Ball 1-2: Ball 2-2: Ground out U3 (Groundball, 3L, EV 103.1 MPH)
|
Top of the 3rd over - 1 run, 2 hits, 0 errors, 1 left on base; Cincinnati (NYP) 3 - Williamsport 0 |
BOTTOM OF THE 3RD |
Williamsport Crosscutters batting - Pitching for Cincinnati (NYP) Reds : RHP Matt Moffat
|
Batting: RHB Cory Bonham
|
0-0: Called Strike 0-1: Foul Ball, location: 2F 0-2: Foul Ball, location: 2F 0-2: Strikes out swinging
|
Batting: LHB Manoel Camp
|
0-0: Ball 1-0: Foul Ball, location: 2F 1-1: Swinging Strike 1-2: Strikes out swinging
|
Batting: RHB Matt McDevitt
|
0-0: Foul Ball, location: 2F 0-1: Ball 1-1: Fly out, F7 (Flyball, 7LS, EV 83.1 MPH)
|
Bottom of the 3rd over - 0 runs, 0 hits, 0 errors, 0 left on base; Cincinnati (NYP) 3 - Williamsport 0 |
TOP OF THE 4TH |
Cincinnati (NYP) Reds batting - Pitching for Williamsport Crosscutters : RHP John Stepanian
|
Batting: RHB Kagetoki Kawai
|
0-0: Swinging Strike 0-1: Ball 1-1: Called Strike 1-2: Foul Ball, location: 2F 1-2: Strikes out swinging
|
Batting: RHB Jamie Ingram
|
0-0: Ground out 6-3 (Groundball, 6, EV 101.2 MPH)
|
Batting: SHB Jeffrey Louter
|
0-0: Called Strike 0-1: Ball 1-1: Foul Ball, location: 2F 1-2: Strikes out swinging
|
Top of the 4th over - 0 runs, 0 hits, 0 errors, 0 left on base; Cincinnati (NYP) 3 - Williamsport 0 |
BOTTOM OF THE 4TH |
Williamsport Crosscutters batting - Pitching for Cincinnati (NYP) Reds : RHP Matt Moffat
|
Batting: RHB Alan Weller
|
0-0: Ball 1-0: Ball 2-0: Called Strike 2-1: Foul Ball, location: 2F 2-2: Strikes out swinging
|
Batting: RHB Allen Gravel
|
0-0: Called Strike 0-1: Foul Ball, location: 2F 0-2: Ball 1-2: Ball 2-2: Foul Ball, location: 2F 2-2: Fly out, F5 (Line Drive, 5, EV 67.5 MPH)
|
Batting: RHB Jimmy Misener
|
0-0: Ball 1-0: Swinging Strike 1-1: Ball 2-1: Fly out, F7 (Flyball, 7LD, EV 91.9 MPH)
|
Bottom of the 4th over - 0 runs, 0 hits, 0 errors, 0 left on base; Cincinnati (NYP) 3 - Williamsport 0 |
TOP OF THE 5TH |
Cincinnati (NYP) Reds batting - Pitching for Williamsport Crosscutters : RHP John Stepanian
|
Batting: RHB Chae-seong Lee
|
0-0: Ball 1-0: Swinging Strike 1-1: Ball 2-1: Ball 3-1: Base on Balls
|
Batting: RHB Alfredo Razo
|
0-0: Called Strike 0-1: Foul Ball, location: 2F 0-2: Strikes out swinging
|
Batting: RHB Marcus Carter
|
0-0: Called Strike 0-1: SINGLE (Groundball, 56, EV 103.1 MPH) (infield hit) Chae-seong Lee to second
|
Pitching: RHP Jorge Sanchez
|
|
Batting: RHB Dave Ruiz
|
0-0: Ball 1-0: Ball 2-0: Foul Ball, location: 2F 2-1: Ball 3-1: Fly out, F6 (Line Drive, 6, EV 73.8 MPH) Lined into DP, 6-4 (Line Drive, 6, EV 75.6 MPH)
|
Top of the 5th over - 0 runs, 1 hit, 0 errors, 1 left on base; Cincinnati (NYP) 3 - Williamsport 0 |
BOTTOM OF THE 5TH |
Williamsport Crosscutters batting - Pitching for Cincinnati (NYP) Reds : RHP Matt Moffat
|
Batting: SHB Matt Sybrant
|
0-0: Ball 1-0: Ground out 1-3 (Groundball, 13S, EV 70.0 MPH)
|
Batting: RHB Ken Gadberry
|
0-0: Foul Ball, location: 2F 0-1: Ball 1-1: Fly out, F8 (Flyball, 89D, EV 103.1 MPH)
|
Batting: RHB Frank Shelton
|
0-0: Called Strike 0-1: Ground out 6-3 (Groundball, 6, EV 105.0 MPH)
|
Bottom of the 5th over - 0 runs, 0 hits, 0 errors, 0 left on base; Cincinnati (NYP) 3 - Williamsport 0 |
TOP OF THE 6TH |
Cincinnati (NYP) Reds batting - Pitching for Williamsport Crosscutters : RHP Jorge Sanchez
|
Batting: SHB Bryan Johnston
|
0-0: Called Strike 0-1: Swinging Strike 0-2: Fly out, F6 (Popup, 6MD, EV 73.1 MPH)
|
Batting: RHB Steve Anderson
|
0-0: Fly out, F7 (Line Drive, 7, EV 91.2 MPH)
|
Batting: RHB Kagetoki Kawai
|
0-0: Called Strike 0-1: Ball 1-1: Ball 2-1: Foul Ball, location: 2F 2-2: Strikes out looking
|
Top of the 6th over - 0 runs, 0 hits, 0 errors, 0 left on base; Cincinnati (NYP) 3 - Williamsport 0 |
BOTTOM OF THE 6TH |
Williamsport Crosscutters batting - Pitching for Cincinnati (NYP) Reds : RHP Matt Moffat
|
Batting: RHB Cory Bonham
|
0-0: Called Strike 0-1: Ball 1-1: Ball 2-1: Ball 3-1: Fly out, F8 (Flyball, 78M, EV 73.1 MPH)
|
Batting: LHB Manoel Camp
|
0-0: Called Strike 0-1: Foul Ball, location: 2F 0-2: Foul Ball, location: 2F 0-2: Ground out 5-3 (Groundball, 56, EV 83.1 MPH)
|
Batting: RHB Matt McDevitt
|
0-0: Ball 1-0: Hit by Pitch
|
Batting: RHB Alan Weller
|
0-0: SINGLE (Groundball, 6MD, EV 107.5 MPH) Matt McDevitt to second
|
Batting: RHB Allen Gravel
|
0-0: Swinging Strike 0-1: Ground out 6-3 (Groundball, P, EV 81.9 MPH)
|
Bottom of the 6th over - 0 runs, 1 hit, 0 errors, 2 left on base; Cincinnati (NYP) 3 - Williamsport 0 |
TOP OF THE 7TH |
Cincinnati (NYP) Reds batting - Pitching for Williamsport Crosscutters : RHP Jorge Sanchez
|
Pitching: LHP Wil Diaz
|
|
Batting: RHB Jamie Ingram
|
0-0: Ground out 4-3 (Groundball, 4, EV 88.8 MPH)
|
Batting: SHB Jeffrey Louter
|
0-0: Called Strike 0-1: Ball 1-1: Ball 2-1: Foul Ball, location: 2F 2-2: Foul Ball, location: 2F 2-2: Strikes out swinging
|
Batting: RHB Chae-seong Lee
|
0-0: Ball 1-0: Called Strike 1-1: Ball 2-1: Ball 3-1: Base on Balls
|
Batting: RHB Alfredo Razo
|
0-0: Ball 1-0: Fly out, F8 (Flyball, 8LD, EV 109.4 MPH)
|
Top of the 7th over - 0 runs, 0 hits, 0 errors, 1 left on base; Cincinnati (NYP) 3 - Williamsport 0 |
BOTTOM OF THE 7TH |
Williamsport Crosscutters batting - Pitching for Cincinnati (NYP) Reds : RHP Matt Moffat
|
Batting: RHB Jimmy Misener
|
0-0: Called Strike 0-1: Foul Ball, location: 2F 0-2: Ball 1-2: Strikes out swinging
|
Batting: SHB Matt Sybrant
|
0-0: Called Strike 0-1: Ball 1-1: Foul Ball, location: 2F 1-2: Ball 2-2: Foul Ball, location: 2F 2-2: Foul Ball, location: 2F 2-2: Fly out, F9 (Flyball, 9, EV 78.8 MPH)
|
Batting: RHB Ken Gadberry
|
0-0: Called Strike 0-1: Called Strike 0-2: Strikes out swinging
|
Bottom of the 7th over - 0 runs, 0 hits, 0 errors, 0 left on base; Cincinnati (NYP) 3 - Williamsport 0 |
TOP OF THE 8TH |
Cincinnati (NYP) Reds batting - Pitching for Williamsport Crosscutters : LHP Wil Diaz
|
Batting: RHB Marcus Carter
|
0-0: Foul Ball, location: 2F 0-1: Called Strike 0-2: Ball 1-2: Ball 2-2: Ball 3-2: Strikes out swinging
|
Batting: RHB Dave Ruiz
|
0-0: Ball 1-0: Ball 2-0: Called Strike 2-1: Swinging Strike 2-2: Foul Ball, location: 2F 2-2: Foul Ball, location: 2F 2-2: Strikes out swinging
|
Batting: SHB Bryan Johnston
|
0-0: Swinging Strike 0-1: Swinging Strike 0-2: Ball 1-2: Fly out, F8 (Flyball, 8LM, EV 82.5 MPH)
|
Top of the 8th over - 0 runs, 0 hits, 0 errors, 0 left on base; Cincinnati (NYP) 3 - Williamsport 0 |
BOTTOM OF THE 8TH |
Williamsport Crosscutters batting - Pitching for Cincinnati (NYP) Reds : RHP Matt Moffat
|
Batting: RHB Frank Shelton
|
0-0: Ball 1-0: Fly out, F8 (Flyball, 89M, EV 76.9 MPH)
|
Batting: RHB Cory Bonham
|
0-0: Ball 1-0: Ball 2-0: Called Strike 2-1: Called Strike 2-2: Ground out 4-3 (Groundball, 4, EV 99.4 MPH)
|
Batting: LHB Manoel Camp
|
0-0: Called Strike 0-1: Ball 1-1: Ground out 3-1 (Groundball, 34, EV 98.8 MPH)
|
Bottom of the 8th over - 0 runs, 0 hits, 0 errors, 0 left on base; Cincinnati (NYP) 3 - Williamsport 0 |
TOP OF THE 9TH |
Cincinnati (NYP) Reds batting - Pitching for Williamsport Crosscutters : LHP Wil Diaz
|
Pitching: RHP Dou-guan Ti
|
|
Batting: RHB Steve Anderson
|
0-0: Swinging Strike 0-1: Ball 1-1: Ball 2-1: Ball 3-1: Base on Balls
|
Batting: RHB Kagetoki Kawai
|
Balk! Steve Anderson to second 0-0: Ball 1-0: Ball 2-0: Foul Ball, location: 2F 2-1: Foul Ball, location: 2F 2-2: Ball 3-2: Foul Ball, location: 2F 3-2: Foul Ball, location: 2F 3-2: Strikes out swinging
|
Batting: RHB Jamie Ingram
|
0-0: Called Strike 0-1: SINGLE (Groundball, 56D, EV 95.6 MPH) Steve Anderson to third
|
Batting: SHB Jeffrey Louter
|
0-0: Swinging Strike 0-1: Hit by Pitch Jamie Ingram to second
|
Batting: RHB Chae-seong Lee
|
0-0: Ball 1-0: Swinging Strike 1-1: Ball 2-1: Foul Ball, location: 2F 2-2: Ball 3-2: Grounds into fielders choice 4-2 (Groundball, 4, EV 103.1 MPH) Jamie Ingram to third Jeffrey Louter to second
|
Pinch Hitting: LHB Marty Hafner
|
0-0: Swinging Strike 0-1: Ground out 4-3 (Groundball, 4, EV 82.5 MPH)
|
Top of the 9th over - 0 runs, 1 hit, 0 errors, 3 left on base; Cincinnati (NYP) 3 - Williamsport 0 |
BOTTOM OF THE 9TH |
Williamsport Crosscutters batting - Pitching for Cincinnati (NYP) Reds : RHP Matt Moffat
|
Pitching: RHP Giovonni Morgia
|
|
Now in CF: Pete Orban
|
|
Batting: RHB Matt McDevitt
|
0-0: Foul Ball, location: 2F 0-1: Foul Ball, location: 2F 0-2: Ball 1-2: Strikes out swinging
|
Batting: RHB Alan Weller
|
0-0: Called Strike 0-1: Ball 1-1: Fly out, F9 (Flyball, 9, EV 95.0 MPH)
|
Batting: RHB Allen Gravel
|
0-0: Called Strike 0-1: Ground out 4-3 (Groundball, 34D, EV 103.1 MPH)
|
Bottom of the 9th over - 0 runs, 0 hits, 0 errors, 0 left on base; Cincinnati (NYP) 3 - Williamsport 0 |
|